 Dungeon Crawl Stone Soup version 0.19-a0-994-g3c636f0 (webtiles) character file.

18 tyvek the Skirmisher (level 2, 33/33 HPs)
             Began as an Ogre Berserker on July 15, 2016.
             Was a Follower of Trog.
             Quit the game on level 1 of the Dungeon.
             The game lasted 00:01:26 (653 turns).

tyvek the Skirmisher (Ogre Berserker)                Turns: 653, Time: 00:01:26

Health: 33/33      AC:  3    Str: 21    XL:     2   Next: 70%
Magic:  2/2        EV: 10    Int:  6    God:    Trog [*.....]
Gold:   23         SH:  0    Dex:  9    Spells: 0 memorised, 1 level left

rFire  . . .     SeeInvis .     a - +0 mace
rCold  . . .     Gourm    .     b - +0 animal skin
rNeg   . . .     Faith    .     (no shield)
rPois  .         Spirit   .     (helmet restricted)
rElec  .         Dismiss  .     (no cloak)
rCorr  .         Reflect  .     (gloves unavailable)
SustAt .         Harm     .     (boots unavailable)
MR     .....                    (no amulet)
Stlth  +.........               (no ring)
                                (no ring)

@: not resistant to hostile enchantments, very unstealthy
A: unfitting armour, tough skin 1
a: Berserk, Burn Spellbooks, Renounce Religion


You were on level 1 of the Dungeon.
You worshipped Trog.
Trog was aware of your devotion.
You were not hungry.

You visited 1 branch of the dungeon, and saw 1 of its levels.

You collected 23 gold pieces.

Inventory:

Hand Weapons
 a - a +0 mace (weapon)
Armour
 b - a +0 animal skin (worn)
Scrolls
 e - a scroll of immolation {unknown}
Comestibles
 c - a bread ration {@e1}
 d - a meat ration {@e2}
 f - 3 chunks of flesh {@w0}


   Skills:
 + Level 4.5 Fighting
 * Level 4.5 Maces & Flails
 + Level 0.2 Armour
 + Level 2.8 Dodging


You had one spell level left.
You didn't know any spells.

Dungeon Overview and Level Annotations

Branches:
Dungeon (1/15)

Altars:


Innate Abilities, Weirdness & Mutations

You are too large for most types of armour.
You have tough skin. (AC +1)


Message History

No target in view!
No target in view!
No target in view!
You see here a rat corpse. 2 hobgoblins come into view.
There are monsters nearby!
There are monsters nearby!
A bat comes into view.
The hobgoblin hits you with a club.
You take 2 damage, and have 24/33 hp.
The hobgoblin shouts!
You hit the hobgoblin but do no damage. The hobgoblin hits you with a club.
The bat hits you but does no damage.
You take 1 damage, and have 23/33 hp.
You miss the bat. The bat hits you. The hobgoblin barely misses you.
You take 1 damage, and have 22/33 hp.
You sock the hobgoblin!
You kill the hobgoblin!
Trog accepts your kill. The bat barely misses you.
The bat hits you but does no damage.
You hit the hobgoblin but do no damage. The bat barely misses you.
The hobgoblin drinks a potion.
The hobgoblin suddenly seems more agile.
The hobgoblin hits you but does no damage.
You closely miss the bat. The bat closely misses you.
The hobgoblin hits you with a club.
You take 3 damage, and have 19/33 hp.
You are too injured to fight recklessly!
Unknown command.
You are too injured to fight recklessly!
You are too injured to fight recklessly!
You are too injured to fight recklessly!
You are too injured to fight recklessly!
Unknown command.
You are too injured to fight recklessly!
You miss the hobgoblin. The bat barely misses you.
The hobgoblin hits you with a club.
You take 4 damage, and have 15/33 hp.
You hit the hobgoblin but do no damage. The bat hits you but does no damage.
The hobgoblin hits you with a club.
You take 2 damage, and have 13/33 hp.
You hit the hobgoblin. The bat hits you but does no damage.
The hobgoblin misses you.
You closely miss the hobgoblin. The bat hits you but does no damage.
The hobgoblin hits you but does no damage.
You thump the hobgoblin!
You kill the hobgoblin!
Trog accepts your kill. The bat barely misses you.
The bat hits you but does no damage.
Items here: $ )) † a club; 13 gold pieces; a club; a hobgoblin corpse You butcher the hobgoblin corpse.
The bat barely misses you.
Items here: $ % )) a club; 13 gold pieces; a club; 2 chunks of flesh {@w0} The bat hits you but does no damage.
The bat barely misses you.
Items here: $ % )) a club; 13 gold pieces; a club; 2 chunks of flesh {@w0} The bat barely misses you.
You closely miss the bat. The bat hits you but does no damage.
The bat closely misses you.
You see here 10 gold pieces.
You closely miss the bat. The bat hits you.
You take 1 damage, and have 14/33 hp.
The bat closely misses you. The bat hits you. The bat barely misses you.
The bat hits you.
You take 2 damage, and have 12/33 hp.
You hit the bat. The bat hits you but does no damage.
The bat barely misses you.
You hit the bat. The bat barely misses you. x2
The bat closely misses you. The bat hits you but does no damage.
The bat hits you but does no damage.
You closely miss the bat. The bat misses you.
The bat hits you but does no damage. The bat barely misses you.
The bat closely misses you. The bat hits you but does no damage.
The bat hits you but does no damage.
You sock the bat!
You kill the bat!
Trog accepts your kill.
A ball python comes into view.
The ball python hisses angrily.
You see here a bat corpse.
You butcher the bat corpse.
You see here a chunk of flesh {@w0}.
f - a chunk of flesh {@w0} You hit the ball python.
You kill the ball python!
Trog accepts your kill.
You start resting.
Health restored: 33 You now have 10 gold pieces.
You now have 23 gold pieces (gained 13).
f - 3 chunks of flesh {@w0} (gained 2)
Things that are here:
a club x2

..................#
#.................#
#.................#
#.................#
########.#........####
.....................
####.##.......#######
# #...)...# #....@..#
#.......# #.......#
#.......# #.......# .#
#####.### ######.# #÷#
........# ###.######
......#.#.# #........#


There were no monsters in sight!

Vanquished Creatures
  A dart slug (D:1)
  A goblin (D:1)
  4 hobgoblins (D:1)
  A ball python (D:1)
  3 bats (D:1)
  4 kobolds (D:1)
  2 rats (D:1)
16 creatures vanquished.

Notes
Turn   | Place    | Note
-------+----------+-------------------------------------------
     0 | D:1      | tyvek the Ogre Berserker began the quest for the Orb.
     0 | D:1      | Reached XP level 1. HP: 24/24 MP: 1/1
    45 | D:1      | HP: 3/24 [hobgoblin (5)]
    48 | D:1      | HP: 1/24 [hobgoblin (3)]
    50 | D:1      | Reached XP level 2. HP: 1/32 MP: 2/2
   653 | D:1      | Quit the game

Vault maps used:
D:1:      minmay_arrival_shattered_statue

Action                   || total
-------------------------++-------
Melee: Mace              ||    49
Armor: Animal skin       ||    28
Dodge: Dodged            ||    45

Vault maps used:
D:1:      minmay_arrival_shattered_statue

Table legend:
 A = Turns spent in this place as a percentage of turns spent in the entire game.
 B = Non-inter-level travel turns spent in this place as a percentage of non-inter-level travel turns spent in the entire game.
 C = Inter-level travel turns spent in this place as a percentage of turns spent in this place.
 D = Turns resting spent in this place as a percentage of non-inter-level travel turns spent in this place.
 E = Turns spent auto-exploring this place as a percentage of non-inter-level travel turns spent in this place.
 F = Non-inter-level travel turns spent in this place divided by the number of levels of this place that you've seen.
                   A       B       C       D       E      F
               +-------+-------+-------+-------+-------+----------------------
         Total | 100.0 | 100.0 |   0.0 |   2.7 |   4.8 | 147.0
       Dungeon | 100.0 | 100.0 |   0.0 |   2.7 |   4.8 | 147.0
               +-------+-------+-------+-------+-------+----------------------

Table legend:
 A = Kills in this place as a percentage of kills in entire the game.
 B = Kills by you in this place as a percentage of kills by you in the entire game.
 C = Kills by friends in this place as a percentage of kills by friends in the entire game.
 D = Other kills in this place as a percentage of other kills in the entire game.
 E = Experience gained in this place as a percentage of experience gained in the entire game.
 F = Experience gained in this place divided by the number of levels of this place that you have seen.
                   A       B       C       D       E      F
               +-------+-------+-------+-------+-------+----------------------
         Total | 100.0 | 100.0 |  -nan |  -nan | 100.0 |  27.0
       Dungeon | 100.0 | 100.0 |  -nan |  -nan | 100.0 |  27.0
               +-------+-------+-------+-------+-------+----------------------
